cohdb
Replays
Latest Replays
All Replays
Popular Replays
Top Player Replays
Match Explorer
How It Works
Community
CoH3 Stats
Reddit
Sign in to upload your games and track your stats! →
Sign in with Steam
Match 42400410
Unlisted
Match 42400410
Overview
Messages
Build Orders
End
Construct Infanterie Kompanie
Selects Italian Coastal Battlegroup
Selects Coastal Reserves
MG 42 Machine Gun Team
Coastal Reserve
MG 42 Machine Gun Team
Construct Panzergrenadier Kompanie
MG 42 Bunker
Selects Artillery Officer
Support Elements
MG 42 Bunker
Coastal Reserve
MG 42 Bunker
MG 42 Bunker
StuG III G Assault Gun
Nebelwerfer 42 Rocket Launcher Team
Selects Support Bunkers
Selects Rapid Fortifications
Rapid Fortifications
Repair Bunker
MG 42 Bunker
Rapid Fortifications
Anti-tank Bunker
Medical Bunker
Construct Luftwaffe Kompanie
Rapid Fortifications
Artillery Officer
Anti-tank Bunker
Selects Obice da 210/22 Artillery Emplacement
Coastal Reserve
Rapid Fortifications
Selects Bulwark
Rapid Fortifications
Anti-tank Bunker
Rapid Fortifications
Repair Bunker
Anti-tank Bunker
Rapid Fortifications
Anti-tank Bunker
Construct Panzer Kompanie
Rapid Fortifications
Anti-tank Bunker
Panzer Officer Quarters
Side Skirts
Panzergrenadier Officer Quarters
Luftwaffe Officer Quarters
Infanterie Officer Quarters
可爱又迷人的反派角色!
Noaimlole
MightyHawk138
Matraka
gokyungho123
gUi
aielloemi
☭USSR☭Unum Wino
0
0
Comments
sign in to comment!
No comments posted yet!